 Dungeon Crawl Stone Soup version 0.26.1-16-g4e020e15dc (webtiles) character file.

Game seed: 16652148485625211936

198 Froggeryz the Insei (level 5, 0/42 HPs)
             Began as a Mummy Monk on Mar 10, 2024.
             Slain by a worker ant (3 damage)
             ... on level 4 of the Dungeon.
             The game lasted 00:03:05 (3755 turns).

Froggeryz the Insei (Mummy Monk)                    Turns: 3755, Time: 00:03:06

Health: 0/42       AC:  5    Str: 15    XL:     5   Next: 47%
Magic:  5/5        EV: 13    Int:  9    God:
Gold:   152        SH:  0    Dex: 15    Spells: 4/4 levels left

rFire    x . .     SeeInvis .     - Unarmed
rCold    + . .     Faith    .   (no shield)
rNeg     + + +     Spirit   .   a - +0 robe
rPois    ∞         Reflect  .   k - +0 helmet
rElec    .         Harm     .   c - +1 cloak
rCorr    .         Rampage  .   (no gloves)
Will     .....                  (no boots)
Stlth    +++.......             (no amulet)
HPRegen  0.14/turn              h - ring of stealth
MPRegen  0.09/turn              (no ring)

@: no status effects
A: no potions, fire vulnerability, cold resistance 1, negative energy resistance
3, torment resistance, unbreathing
a: no special abilities


You were on level 4 of the Dungeon.
You visited 1 branch of the dungeon, and saw 4 of its levels.

You collected 152 gold pieces.

Inventory:

Armour
 a - a +0 robe (worn)
 c - a +1 cloak (worn)
 k - a +0 helmet (worn)
Jewellery
 h - a ring of stealth (left hand)
 m - an uncursed ring of positive energy {unknown}
 o - an uncursed amulet of regeneration
Scrolls
 b - a scroll of enchant weapon {unknown}
 d - 3 scrolls of identify {unknown}
 e - 2 scrolls of fog {unknown}
 g - 2 scrolls of amnesia
 i - 2 scrolls of blinking {unknown}
 j - a scroll of teleportation {unknown}
 l - a scroll of fear {unknown}
 n - a scroll of remove curse {unknown}
 p - a scroll of random uselessness {unknown}


   Skills:
 + Level 4.0 Fighting
 + Level 1.6 Armour
 - Level 2.6 Dodging
 - Level 1.5 Stealth
 * Level 4.0 Unarmed Combat


You had 4 spell levels left.
You didn't know any spells.
Your spell library contained the following spells:

 Spells                   Type           Power        Failure   Level
 Animate Skeleton         Necr           0%           38%         1
 Apportation              Tloc           0%           38%         1
 Corona                   Hex            0%           38%         1
 Summon Small Mammal      Summ           0%           38%         1


Dungeon Overview and Level Annotations

Branches:
Dungeon (4/15)
 Temple: D:4-7

Altars:
Ashenzari
Cheibriados
Fedhas
Qazlal
Sif Muna
Uskayaw
Vehumet
Zin

Annotations:
D:3 3 runed translucent doors, Froggeryz's ghost, amateur OpBr
D:4 Sigmund


Innate Abilities, Weirdness & Mutations

You do not drink.
Your flesh is vulnerable to fire.
You are immune to poison.
Your flesh is cold resistant. (rC+)
You are immune to negative energy. (rN+++)
You are immune to unholy pain and torment.
You can survive without breathing.


Message History

The worker ant barely misses you.
You hit the worker ant.
The worker ant is heavily wounded.
The worker ant bites you!
* * * LOW HITPOINT WARNING * * *
You hit the worker ant but do no damage.
The worker ant is heavily wounded.
The worker ant bites you.
* * * LOW HITPOINT WARNING * * *
You barely miss the worker ant.
The worker ant is heavily wounded.
The worker ant misses you.
As you read the scroll labelled ODWIFOU YWUFU, it crumbles to dust.
It is a scroll of amnesia.
You feel forgetful for a moment. The worker ant misses you.
As you read the scroll labelled GUUKU TOOC ZAUTAIS, it crumbles to dust.
It is a scroll of enchant armour.
Your +0 cloak glows green for a moment.
The worker ant barely misses you. The worker ant bites you.
You die...

...............#
####.....##..#.#
####......#
#.....?...#
#.........#
##.........#
...........+
..........###
.(.....B@.#
.......†.#
......####
...... ......
...... .....
....


You could see a worker ant.

Vanquished Creatures
  Jessica (D:2)
  2 worker ants
  4 adders
  An ooze (D:1)
  3 dart slugs
  3 leopard geckos (D:3)
  An orc (D:3)
  A ball python (D:3)
  3 giant cockroaches
  9 goblins
  11 hobgoblins
  9 jackals
  7 kobolds
  6 bats
  6 frilled lizards
  5 rats
72 creatures vanquished.

Notes
Turn   | Place    | Note
-------+----------+-------------------------------------------
     0 | D:1      | Froggeryz the Mummy Monk began the quest for the Orb.
     0 | D:1      | Reached XP level 1. HP: 18/18 MP: 1/1
    84 | D:1      | Reached XP level 2. HP: 6/24 MP: 2/2
   846 | D:1      | Reached XP level 3. HP: 29/29 MP: 3/3
  1505 | D:2      | Found a shimmering blue altar of Sif Muna.
  1507 | D:2      | Found a broken altar of Ashenzari.
  1508 | D:2      | Found a hide-covered altar of Uskayaw.
  1508 | D:2      | Found a stormy altar of Qazlal.
  1516 | D:2      | Found a glowing silver altar of Zin.
  1516 | D:2      | Found a snail-covered altar of Cheibriados.
  1904 | D:2      | Found a radiant altar of Vehumet.
  2173 | D:2      | Noticed Jessica
  2180 | D:2      | Killed Jessica
  2181 | D:2      | Reached skill level 1 in Armour
  2181 | D:2      | Reached XP level 4. HP: 32/36 MP: 4/4
  2649 | D:2      | Found a blossoming altar of Fedhas.
  3012 | D:3      | Reached XP level 5. HP: 24/42 MP: 5/5
  3680 | D:3      | Found a runed translucent gate.
  3683 | D:3      | Found a runed translucent gate.
  3684 | D:3      | Noticed Froggeryz's ghost (amateur OpBr)
  3685 | D:3      | Found a runed translucent gate.
  3715 | D:4      | Noticed Sigmund
  3752 | D:4      | HP: 2/42 [worker ant (6)]
  3755 | D:4      | Slain by a worker ant

Illustrated notes

Levels and vault maps discovered:
D:1:      eino_arrival_water_star, layout_basic, minmay_octomino_j4
D:2:      layout_basic, overflow_temple_1_default, vehumet_crystals,
          grunt_temple_overflow_open, minivault_4, uniq_jessica
D:3:      layout_loops_ring, gammafunk_ghost_nasty_kobolds, moated_statue
D:4:      minmay_chambers_of_fours, layout_basic,
          nicolae_overflow_crystal_walls, uniq_sigmund, uniq_crazy_yiuf_cottage

Skill      XL: |  1  2  3  4  5 |
---------------+----------------+-----
Unarmed Combat | 3 4 |  4.0
Armour         | 1 |  1.6
Fighting       | 4 |  4.0
Dodging        | |  2.6
Stealth        | |  1.5

Action                   |  1- 3 |  4- 6 || total
-------------------------+-------+-------++-------
Melee: Unarmed           |   140 |   139 ||   279
       Punch             |     2 |     3 ||     5
  Use: Scroll            |       |     2 ||     2
 Stab: Sleeping          |     5 |     5 ||    10
       Distracted        |       |     1 ||     1
Armor: Robe              |    27 |    17 ||    44
Dodge: Dodged            |   108 |   116 ||   224
